 Dungeon Crawl Stone Soup version 0.29.1-15-g9cfb28693d (webtiles) character file.

Game seed: 7689319034062553622

195 Ast3rio the Gusty (level 5, -1/28 HPs)
             Began as a Deep Elf Air Elementalist on Mar 10, 2023.
             Slain by Pikel
             ... wielding a +2 whip of freezing
              (5 damage)
             ... on level 4 of the Dungeon.
             The game lasted 00:11:54 (4227 turns).

Ast3rio the Gusty (Deep Elf Air Elementalist)       Turns: 4227, Time: 00:12:24

Health: -1/28      AC:  2    Str:  5    XL:     5   Next: 45%
Magic:  0/13       EV: 13    Int: 22    God:
Gold:   174        SH:  0    Dex: 15    Spells: 9/12 levels left

rFire   . . .      SeeInvis .   e - +0 sling
rCold   . . .      Faith    .   (no shield)
rNeg    . . .      Spirit   .   a - +0 robe
rPois   .          Reflect  .   (no helmet)
rElec   .          Harm     .   (no cloak)
rCorr   .          Rampage  .   (no gloves)
Will    .....                   (no boots)
Stlth   ++........              (no amulet)
HPRegen 0.09/turn               (no ring)
MPRegen 0.13/turn               (no ring)

@: no status effects
A: no striking features
a: no special abilities


You were on level 4 of the Dungeon.
You visited 1 branch of the dungeon, and saw 4 of its levels.

You collected 174 gold pieces.

Inventory:

Hand Weapons
 e - a +0 sling (weapon)
Armour
 a - a +0 robe (worn)
Jewellery
 f - a ring of positive energy
 m - an amulet of regeneration
 q - a +6 ring of dexterity
 t - a +6 ring of strength
 w - a +4 ring of evasion
 y - a ring of wizardry
Scrolls
 d - a scroll of enchant weapon {unknown}
 g - 3 scrolls of silence {unknown}
 h - 2 scrolls of teleportation {unknown}
 j - 2 scrolls of identify {unknown}
 p - a scroll of amnesia {unknown}
 s - a scroll of fear {unknown}
 u - a scroll of vulnerability {unknown}
 v - 2 scrolls of blinking {unknown}
 z - a scroll of enchant armour {unknown}
Potions
 b - a potion of magic
 c - a potion of attraction {unknown}
 i - 2 potions of degeneration {unknown}
 k - 2 potions of heal wounds {unknown}
 l - 2 potions of ambrosia {unknown}
 n - 2 potions of curing {unknown}
 o - a potion of resistance {unknown}
 r - a potion of flight {unknown}
 x - a potion of berserk rage {unknown}


   Skills:
 + Level 0.5 Fighting
 + Level 2.8 Ranged Weapons
 + Level 2.8 Dodging
 + Level 3.1 Stealth
 + Level 4.0 Spellcasting
 + Level 2.0 Conjurations
 * Level 4.4 Air Magic


You had 9 spell levels left.
You knew the following spells:

 Your Spells              Type           Power      Damage    Failure   Level
a - Shock                 Conj/Air       72%        1d7       3%          1
b - Static Discharge      Conj/Air       18%        3-6/arc   4%          2

Your spell library contained the following spells:

 Spells                   Type           Power      Damage    Failure   Level
 Swiftness                Air            24%        N/A       5%          3
 Airstrike                Air            12%        2d(2-18)  19%         4
 Frozen Ramparts          Ice            8%         1d2       32%         3
 Fulminant Prism          Conj/Hex       4%         3d6       58%         4
 Iskenderun's Mystic Bla  Conj/Tloc      8%         2d4       58%         4
 Ice Form                 Ice/Tmut       4%         N/A       73%         4
 Summon Ice Beast         Ice/Summ       4%         N/A       73%         4
 Lee's Rapid Deconstruct  Erth           2%         3d5*      97%         5


Dungeon Overview and Level Annotations

Branches:
Dungeon (4/15)
 Temple: D:4-7

Altars:

Annotations:
D:4 Pikel


Message History

* * * LOW HITPOINT WARNING * * *
Pikel freezes you.
* * * LOW HITPOINT WARNING * * *
Casting: Static Discharge (safe; 4% risk of failure)
Confirm with . or Enter, or press ? or * to list all spells.
You don't have enough magic to cast this spell.
Casting: Static Discharge (safe; 4% risk of failure)
Confirm with . or Enter, or press ? or * to list all spells.
You don't have enough magic to cast this spell.
Really attack while wielding your +0 sling? [Y]es or [N]o only, please.
Really attack while wielding your +0 sling? [Y]es or [N]o only, please.
Really attack while wielding your +0 sling? [Y]es or [N]o only, please.
Really attack while wielding your +0 sling? [Y]es or [N]o only, please.
Really attack while wielding your +0 sling? [Y]es or [N]o only, please.
Really attack while wielding your +0 sling?
Okay, then.
You are too injured to fight recklessly!
You are too injured to fight recklessly!
You are too injured to fight recklessly!
You are too injured to fight recklessly!
You are too injured to fight recklessly!
You are too injured to fight recklessly!
You are too injured to fight recklessly!
You are too injured to fight recklessly!
Fire: e) +0 sling
Press: ? - help, Q - select action, (/) - cycle Shift-Dir - straight line, f - Pikel
Aim: Pikel, wielding a +2 whip of freezing and wearing a +2 robe of willpower (lightly wounded, 47% to hit)
You shoot a sling bullet. The sling bullet misses Pikel.
The lemure barely misses you. Pikel barely misses you.
Fire: e) +0 sling
Press: ? - help, Q - select action, (/) - cycle Shift-Dir - straight line, f/p - Pikel
Aim: Pikel, wielding a +2 whip of freezing and wearing a +2 robe of willpower (lightly wounded, 47% to hit)
You shoot a sling bullet. The sling bullet barely misses Pikel.
Pikel hits you with a +2 whip of freezing.
You die...

................##
.......##........##
.....#..##...#....##
..#......#...##....#
..#......#..##....##
............##...##
..#........###...#
........##
...###..@# . #...5K#
......5..
.....5.....
.##......###
#....[## ......##
.....#


You could see Pikel and 3 lemures.

Vanquished Creatures
  A lemure (D:4)
  A scorpion (D:4)
  A hound (D:4)
  2 adders
  2 dart slugs
  4 orcs (D:3)
  9 ball pythons
  5 bats
  6 endoplasms
  3 giant cockroaches
  4 goblins
  5 hobgoblins
  12 jackals
  2 quokkas
  3 frilled lizards
  7 kobolds
  10 rats
77 creatures vanquished.

Vanquished Creatures (others)
  2 plants (D:4)
2 creatures vanquished.

Grand Total: 79 creatures vanquished

Notes
Turn   | Place    | Note
-------+----------+-------------------------------------------
     0 | D:1      | Ast3rio the Deep Elf Air Elementalist began the quest for
                  | the Orb.
     0 | D:1      | Reached XP level 1. HP: 10/10 MP: 6/6
   400 | D:1      | Reached XP level 2. HP: 15/15 MP: 8/8
   448 | D:1      | Found a faded altar of an unknown god.
  1074 | D:1      | Learned a level 2 spell: Static Discharge
  1252 | D:2      | Reached skill level 1 in Ranged Weapons
  1252 | D:2      | Reached XP level 3. HP: 19/19 MP: 7/9
  2813 | D:3      | Reached XP level 4. HP: 24/24 MP: 7/11
  3780 | D:4      | Noticed a scorpion
  3788 | D:4      | Killed a scorpion
  3789 | D:4      | Reached XP level 5. HP: 9/28 MP: 5/13
  4215 | D:4      | Noticed a lemure
  4217 | D:4      | Noticed Pikel
  4219 | D:4      | Noticed a lemure
  4220 | D:4      | Noticed a lemure
  4224 | D:4      | Noticed a lemure
  4225 | D:4      | Killed a lemure
  4227 | D:4      | Slain by Pikel

Illustrated notes

Levels and vault maps discovered:
D:1:      mrwooster_arrival_statue_3, layout_loops_corners,
          hellmonk_ecumenical_altar_heavens_door
D:2:      layout_basic
D:3:      layout_basic, fountainhead
D:4:      layout_cave_pools, mainiacjoe_overflow_divided_tiny,
          lemuel_coloured_pillars_altar, serial_bayou_pond_c,
          uniq_blork_the_orc, uniq_pikel

Skill      XL: |  1  2  3  4  5 |
---------------+----------------+-----
Ranged Weapons | 1 2 |  2.8
Spellcasting   | 4 |  4.0
Air Magic      | 4 |  4.4
Stealth        | 3 |  3.1
Conjurations   | 2 |  2.0
Fighting       | |  0.5
Dodging        | |  2.8

Action                   |  1- 3 |  4- 6 || total
-------------------------+-------+-------++-------
 Fire: Sling             |    50 |    34 ||    84
 Cast: Shock             |    67 |    30 ||    97
       Static Discharge  |     2 |     8 ||    10
Armor: Robe              |     9 |     2 ||    11
Dodge: Dodged            |    42 |    12 ||    54
